[ PARTIDA AOE2 · #493676795 ]
UnrankedKitán vs Georgians
Equipo del jugador · DERR
Equipo rival · VICT
[ ANÁLISIS DE REPETICIÓN · EXTRAÍDO DE LA PARTIDA GRABADA ]
Feudal
11:11
Castillos
20:13
Imperial
—
| APM promedio | 60.1 |
| APM pico | 123 |
| eAPM promedio | 25.8 |
| Aldeanos / militares | 74 / 107 |
Foco
⚔️ 42.5% · 🌾 57.5%
Unknown (2626) ×83 · Galley ×74 · Fire Galley ×32 · Fishing Ship ×12 · Transport Ship ×1
Feudal
12:35
Castillos
16:30
Imperial
33:12
| APM promedio | 36.7 |
| APM pico | 75 |
| eAPM promedio | 25.4 |
| Aldeanos / militares | 128 / 122 |
Foco
⚔️ 39.1% · 🌾 60.9%
Fire Galley ×81 · Unknown (2626) ×52 · Galley ×32 · Fishing Ship ×24 · Trebuchet (Packed) ×3 · Monk ×2
Mapa de la partida
Recursos iniciales + cada clic de construcción. Líneas = muros · curvas = relieve. ◆ oro · ⬟ piedra · ● bayas · ✦ reliquia · ◌ hueco del cierre
Tu base· ✓ Separados por el mapa
Base de gh0stwr1ter· ✓ Separados por el mapa
Terreno inicial suavizado · ◌ = hueco del cierre detectado · pasá el cursor para detalles
Inputs por minuto
— DS_Uruguayo - - gh0stwr1ter
Build order — DS_Uruguayo
Primeras 150 de 288 acciones detectadas
| 0:00 | Crear | Villager (Male) |
| 0:01 | Crear | Villager (Male) |
| 0:23 | Crear | Villager (Male) |
| 0:23 | Crear | Villager (Male) |
| 0:24 | Crear | Villager (Male) |
| 0:30 | Investigar | Loom |
| 0:32 | Construir | House |
| 0:35 | Construir | House |
| 0:50 | Crear | Villager (Male) |
| 0:50 | Crear | Villager (Male) |
| 0:51 | Crear | Villager (Male) |
| 0:51 | Crear | Villager (Male) |
| 1:38 | Crear | Villager (Male) |
| 1:38 | Crear | Villager (Male) |
| 2:19 | Construir | Lumber Camp |
| 2:20 | Crear | Villager (Male) |
| 2:58 | Crear | Villager (Male) |
| 2:58 | Crear | Villager (Male) |
| 3:20 | Crear | Villager (Male) |
| 4:11 | Crear | Villager (Male) |
| 4:11 | Crear | Villager (Male) |
| 4:21 | Construir | House |
| 4:40 | Crear | Villager (Male) |
| 4:58 | Construir | Dock |
| 5:06 | Crear | Villager (Male) |
| 5:11 | Crear | Villager (Male) |
| 5:17 | Construir | House |
| 5:17 | Construir | House |
| 5:45 | Crear | Villager (Male) |
| 5:53 | Crear | Fishing Ship |
| 5:53 | Crear | Fishing Ship |
| 6:20 | Construir | House |
| 6:25 | Crear | Villager (Male) |
| 6:26 | Crear | Villager (Male) |
| 6:27 | Crear | Fishing Ship |
| 6:52 | Crear | Villager (Male) |
| 7:10 | Crear | Fishing Ship |
| 7:11 | Crear | Fishing Ship |
| 7:13 | Crear | Villager (Male) |
| 7:13 | Crear | Villager (Male) |
| 7:21 | Construir | House |
| 7:43 | Crear | Villager (Male) |
| 8:06 | Crear | Fishing Ship |
| 8:06 | Crear | Fishing Ship |
| 8:35 | Crear | Villager (Male) |
| 9:01 | Investigar | Feudal Age |
| 9:14 | Crear | Fishing Ship |
| 9:33 | Construir | Mill |
| 9:58 | Crear | Fishing Ship |
| 10:01 | Construir | House |
| 10:21 | Construir | House |
| 10:45 | Construir | Dock |
| 11:08 | Construir | Mining Camp |
| 11:09 | Crear | Villager (Male) |
| 11:11 | Edad | Edad Feudal |
| 11:33 | Crear | Villager (Male) |
| 11:38 | Crear | Unit 2626 |
| 11:38 | Crear | Unit 2626 |
| 11:42 | Crear | Villager (Male) |
| 11:46 | Construir | House |
| 12:02 | Investigar | Double-Bit Axe |
| 12:02 | Investigar | Double-Bit Axe |
| 12:04 | Crear | Villager (Male) |
| 12:19 | Construir | Palisade Wall |
| 12:23 | Crear | Unit 2626 |
| 12:24 | Crear | Unit 2626 |
| 12:29 | Crear | Unit 2626 |
| 12:29 | Crear | Unit 2626 |
| 12:33 | Construir | Palisade Wall |
| 12:36 | Crear | Villager (Male) |
| 12:36 | Crear | Villager (Male) |
| 12:42 | Crear | Villager (Male) |
| 12:59 | Crear | Unit 2626 |
| 12:59 | Crear | Unit 2626 |
| 13:00 | Crear | Villager (Male) |
| 13:00 | Crear | Villager (Male) |
| 13:33 | Crear | Villager (Male) |
| 13:33 | Crear | Villager (Male) |
| 13:38 | Crear | Unit 2626 |
| 13:38 | Crear | Unit 2626 |
| 13:39 | Crear | Unit 2626 |
| 13:39 | Crear | Unit 2626 |
| 14:09 | Crear | Unit 2626 |
| 14:09 | Crear | Unit 2626 |
| 14:13 | Crear | Villager (Male) |
| 14:32 | Crear | Villager (Male) |
| 14:34 | Construir | House |
| 14:45 | Crear | Villager (Male) |
| 14:48 | Crear | Fire Galley |
| 14:48 | Crear | Fire Galley |
| 14:53 | Construir | Dock |
| 15:01 | Construir | House |
| 15:01 | Construir | House |
| 15:01 | Construir | House |
| 15:01 | Construir | House |
| 15:02 | Construir | House |
| 15:02 | Construir | House |
| 15:17 | Crear | Fire Galley |
| 15:17 | Crear | Fire Galley |
| 15:17 | Crear | Fire Galley |
| 15:18 | Crear | Villager (Male) |
| 15:18 | Crear | Villager (Male) |
| 15:21 | Construir | House |
| 15:22 | Construir | House |
| 15:22 | Construir | House |
| 15:22 | Construir | House |
| 15:23 | Crear | Villager (Male) |
| 15:51 | Investigar | Tech 906 |
| 15:57 | Crear | Villager (Male) |
| 16:00 | Construir | Market |
| 16:04 | Construir | Blacksmith |
| 16:07 | Crear | Villager (Male) |
| 16:16 | Crear | Fire Galley |
| 16:16 | Crear | Fire Galley |
| 16:17 | Crear | Villager (Male) |
| 16:21 | Construir | House |
| 16:22 | Construir | House |
| 17:13 | Crear | Fire Galley |
| 17:13 | Crear | Fire Galley |
| 17:13 | Crear | Fire Galley |
| 17:13 | Crear | Fire Galley |
| 17:14 | Crear | Fire Galley |
| 17:14 | Crear | Villager (Male) |
| 17:21 | Investigar | Castle Age |
| 17:21 | Investigar | Castle Age |
| 17:38 | Crear | Villager (Male) |
| 17:54 | Crear | Fire Galley |
| 17:54 | Crear | Fire Galley |
| 18:11 | Construir | Dock |
| 18:39 | Crear | Fire Galley |
| 18:40 | Crear | Fire Galley |
| 18:40 | Crear | Fire Galley |
| 19:01 | Crear | Fire Galley |
| 19:01 | Crear | Fire Galley |
| 19:01 | Crear | Fire Galley |
| 19:02 | Crear | Villager (Male) |
| 19:18 | Construir | House |
| 19:20 | Construir | Lumber Camp |
| 19:34 | Crear | Fire Galley |
| 19:35 | Crear | Fire Galley |
| 19:35 | Crear | Fire Galley |
| 19:38 | Crear | Villager (Male) |
| 19:39 | Crear | Villager (Male) |
| 19:40 | Investigar | Gold Mining |
| 20:13 | Edad | Edad de los Castillos |
| 20:20 | Construir | University |
| 20:24 | Investigar | War Galley (upgrade) |
| 20:24 | Investigar | War Galley (upgrade) |
| 20:24 | Investigar | War Galley (upgrade) |
| 21:02 | Investigar | Tech 908 |
Build order — gh0stwr1ter
Primeras 150 de 395 acciones detectadas
| 0:00 | Crear | Villager (Male) |
| 0:00 | Crear | Villager (Male) |
| 0:01 | Crear | Villager (Male) |
| 0:02 | Construir | House |
| 0:03 | Construir | House |
| 0:35 | Crear | Villager (Male) |
| 1:28 | Crear | Villager (Male) |
| 1:52 | Crear | Villager (Male) |
| 2:14 | Construir | Dock |
| 2:21 | Crear | Villager (Male) |
| 2:46 | Crear | Villager (Male) |
| 2:59 | Construir | House |
| 3:14 | Crear | Villager (Male) |
| 3:18 | Crear | Fishing Ship |
| 3:18 | Crear | Fishing Ship |
| 3:41 | Crear | Villager (Male) |
| 4:06 | Crear | Villager (Male) |
| 4:08 | Crear | Fishing Ship |
| 4:28 | Crear | Villager (Male) |
| 4:34 | Construir | House |
| 4:43 | Crear | Villager (Male) |
| 4:43 | Crear | Villager (Male) |
| 4:58 | Crear | Fishing Ship |
| 5:09 | Crear | Villager (Male) |
| 5:16 | Construir | House |
| 5:27 | Crear | Villager (Male) |
| 5:36 | Crear | Villager (Male) |
| 5:37 | Crear | Fishing Ship |
| 5:38 | Crear | Fishing Ship |
| 6:02 | Crear | Fishing Ship |
| 6:19 | Crear | Villager (Male) |
| 6:24 | Construir | Mule Cart |
| 6:42 | Construir | House |
| 6:45 | Crear | Villager (Male) |
| 6:56 | Crear | Fishing Ship |
| 6:58 | Crear | Villager (Male) |
| 7:13 | Construir | House |
| 7:24 | Crear | Fishing Ship |
| 7:25 | Crear | Villager (Male) |
| 7:53 | Construir | Dock |
| 8:02 | Crear | Villager (Male) |
| 8:16 | Crear | Fishing Ship |
| 8:35 | Crear | Fishing Ship |
| 8:35 | Crear | Fishing Ship |
| 8:45 | Crear | Villager (Male) |
| 8:46 | Crear | Villager (Male) |
| 8:47 | Crear | Fishing Ship |
| 9:18 | Crear | Villager (Male) |
| 9:20 | Crear | Fishing Ship |
| 9:20 | Crear | Fishing Ship |
| 9:26 | Construir | House |
| 9:41 | Crear | Villager (Male) |
| 9:50 | Construir | House |
| 10:11 | Construir | Mule Cart |
| 10:16 | Investigar | Feudal Age |
| 10:18 | Crear | Fishing Ship |
| 10:18 | Crear | Fishing Ship |
| 10:33 | Crear | Villager (Male) |
| 10:49 | Construir | Dock |
| 10:54 | Construir | House |
| 10:58 | Crear | Villager (Male) |
| 10:59 | Crear | Fishing Ship |
| 11:08 | Construir | House |
| 11:14 | Crear | Fishing Ship |
| 11:31 | Crear | Fishing Ship |
| 11:46 | Crear | Fishing Ship |
| 11:58 | Crear | Villager (Male) |
| 12:35 | Edad | Edad Feudal |
| 12:37 | Construir | Mill |
| 12:38 | Crear | Villager (Male) |
| 12:42 | Construir | Blacksmith |
| 12:49 | Crear | Galley |
| 12:53 | Investigar | Double-Bit Axe |
| 13:03 | Construir | Market |
| 13:10 | Crear | Galley |
| 13:32 | Crear | Galley |
| 13:33 | Investigar | Tech 906 |
| 13:33 | Investigar | Castle Age |
| 13:37 | Construir | Mule Cart |
| 13:48 | Investigar | Loom |
| 13:48 | Crear | Villager (Male) |
| 13:52 | Investigar | Fletching |
| 14:04 | Investigar | Tech 906 |
| 14:10 | Crear | Transport Ship |
| 14:27 | Crear | Galley ×2 |
| 14:45 | Crear | Galley |
| 15:14 | Crear | Galley ×3 |
| 15:48 | Crear | Galley ×2 |
| 16:07 | Construir | House |
| 16:21 | Crear | Galley ×2 |
| 16:25 | Construir | House |
| 16:26 | Construir | House |
| 16:30 | Edad | Edad de los Castillos |
| 16:35 | Investigar | Bodkin Arrow |
| 16:40 | Investigar | War Galley (upgrade) |
| 16:54 | Crear | Villager (Male) |
| 16:54 | Crear | Villager (Male) |
| 17:06 | Crear | Galley ×2 |
| 17:20 | Construir | Barracks |
| 17:31 | Crear | Villager (Male) |
| 17:35 | Investigar | Bow Saw |
| 17:57 | Crear | Galley |
| 17:57 | Crear | Galley |
| 18:02 | Crear | Spearman |
| 18:03 | Crear | Villager (Male) |
| 18:05 | Construir | House |
| 18:22 | Construir | Town Center |
| 18:27 | Crear | Galley |
| 18:39 | Crear | Villager (Male) |
| 18:42 | Crear | Unit 2626 ×2 |
| 18:43 | Crear | Villager (Male) |
| 18:47 | Construir | House |
| 18:55 | Construir | Mule Cart |
| 18:56 | Crear | Villager (Male) |
| 19:03 | Crear | Unit 2626 ×2 |
| 19:22 | Crear | Galley ×2 |
| 19:31 | Construir | Mule Cart |
| 19:33 | Crear | Villager (Male) |
| 19:37 | Crear | Villager (Male) |
| 19:47 | Crear | Fire Galley |
| 20:01 | Crear | Unit 2626 ×2 |
| 20:02 | Crear | Villager (Male) |
| 20:11 | Construir | Monastery |
| 20:18 | Crear | Villager (Male) |
| 20:20 | Crear | Unit 2626 |
| 20:31 | Crear | Villager (Male) |
| 20:33 | Crear | Unit 2626 ×2 |
| 20:46 | Crear | Unit 2626 |
| 20:47 | Crear | Unit 2626 |
| 21:00 | Crear | Unit 2626 ×2 |
| 21:01 | Crear | Fishing Ship |
| 21:01 | Crear | Villager (Male) |
| 21:34 | Crear | Unit 2626 ×4 |
| 21:34 | Crear | Fishing Ship |
| 21:35 | Crear | Villager (Male) |
| 21:35 | Crear | Villager (Male) |
| 21:36 | Crear | Villager (Male) |
| 21:37 | Construir | House |
| 21:39 | Construir | House |
| 21:49 | Crear | Unit 2626 |
| 21:50 | Crear | Villager (Male) |
| 21:54 | Construir | Dock |
| 22:09 | Crear | Unit 2626 ×3 |
| 22:21 | Crear | Villager (Male) |
| 22:25 | Crear | Monk |
| 22:32 | Construir | Mule Cart |
| 22:41 | Crear | Unit 2626 ×4 |
| 22:41 | Crear | Unit 2626 ×4 |
| 22:41 | Crear | Villager (Male) |
| 22:52 | Crear | Unit 2626 ×3 |
Cronología de la partida
| 2:14 | gh0stwr1ter · first_building Dock |
| 4:58 | DS_Uruguayo · first_building Dock |
| 11:11 | DS_Uruguayo · age_up feudal |
| 12:19 | DS_Uruguayo · wall_segment Palisade Wall x1 |
| 12:33 | DS_Uruguayo · wall_segment Palisade Wall x1 |
| 12:35 | gh0stwr1ter · age_up feudal |
| 14:07 | gh0stwr1ter · first_market_sell 100 food |
| 14:08 | gh0stwr1ter · first_market_buy 100 wood |
| 16:30 | gh0stwr1ter · age_up castle |
| 17:20 | gh0stwr1ter · first_building Barracks |
| 20:11 | gh0stwr1ter · first_building Monastery |
| 20:13 | DS_Uruguayo · age_up castle |
| 24:24 | DS_Uruguayo · first_market_buy 100 food |
| 27:39 | gh0stwr1ter · first_building Castle |
| 33:12 | gh0stwr1ter · age_up imperial |
| 35:47 | DS_Uruguayo · first_building Monastery |
| 36:15 | DS_Uruguayo · first_market_sell 100 wood |
| 38:09 | DS_Uruguayo · resign |
[ ANÁLISIS IA · 1 CRÉDITO ]
¿Qué pasó realmente en esta partida?
Wolo.gg analiza cada decisión: build order, eco, micro, errores típicos por bracket. Análisis personalizado por WhatsApp o Discord en 30 segundos.
Guía civ
Kitán
Perfil
DS_Santi